Construct Section Command Post
Selects Canadian Shock Battlegroup
Selects Incendiary Munitions
Construct Platoon Command Post
6-pounder Anti-tank Gun Team
Unlock Bishop Self-propelled Artillery
Bishop Self-propelled Artillery
Construct Company Command Post
Selects Canadian Shock Section
6-pounder Anti-tank Gun Team
Selects Churchill Crocodile Heavy Tank
Churchill Crocodile Heavy Tank
Unlock M3 Grant Medium Tanks